[Event "FRA-ch Youth 2017"]
[Site "Belfort"]
[Date "2017.04.20"]
[Round "6"]
[White "Piacentini, Angelina"]
[Black "Gospodaru, Teodora"]
[Result "0-1"]
[ECO "B20"]
[WhiteElo "1391"]
[BlackElo "1827"]
[Annotator "NA"]
[PlyCount "62"]
[EventDate "2017.??.??"]
[EventCountry "FRA"]
[SourceTitle "playchess.com"]
[Source "ChessBase"]
[SourceQuality "1"]
[TimeControl "5400+30"]

1. e4 c5 2. Bc4 g6 3. Nf3 Nc6 4. c3 Bg7 {[%emt 0:03:07] B30: Sicilian: 2...Nc6 3 Bb5, lines without ...g6} 5. Qe2 (5. O-O e6 6. d4 cxd4 7. Nxd4 Nxd4 8. cxd4 Ne7 9. Nc3 O-O 10. d5 exd5 11. Nxd5 Nxd5 12. Bxd5 d6 13. Rb1 Qe7 14. Be3 Be6 15. Qb3 Bxd5 16. Qxd5 Rfe8 17. Rfd1 Qxe4 {½-½ (17) Palac,M (2581)-Cebalo,M (2403) Zadar 2013}) 5... a6 6. d3 $146 (6. O-O b5 7. Bb3 Bb7 8. d3 d6 9. Re1 h6 10. Be3 Nf6 11. h3 O-O 12. Nbd2 {0-1 (43) Sveda,J (1944)-Svoboda,R (2043) Czechia 2005}) 6... d6 7. Bf4 Na5 8. Nbd2 Nxc4 9. Nxc4 b5 10. Ne3 Bb7 11. O-O Nf6 12. Rfe1 O-O 13. Rad1 Rc8 14. e5 (14. Bg5 $15) 14... Nh5 15. g3 (15. Bg3 $142) 15... Bxf3 ({Don't do} 15... Nxf4 16. gxf4 dxe5 17. fxe5 $17) ({Black should play} 15... dxe5 $19 16. Nxe5 f6) 16. Qxf3 dxe5 17. Bg5 f6 18. Bh4 Qe8 19. g4 Nf4 20. g5 f5 21. Bg3 Nh3+ 22. Kg2 Nxg5 23. Qd5+ e6 24. Qd6 Rc6 25. Qxf8+ Qxf8 26. f4 exf4 27. Bxf4 Nf7 28. Nc2 g5 29. Bg3 f4 30. Bf2 Nh6 31. h3 $19 f3+ 0-1

[Event "FRA-ch Youth 2017"]
[Site "Belfort"]
[Date "2017.04.21"]
[Round "7"]
[White "Flick, Antoine"]
[Black "Georges, Thomas"]
[Result "1-0"]
[ECO "E70"]
[WhiteElo "2327"]
[BlackElo "2130"]
[Annotator "NA"]
[PlyCount "71"]
[EventDate "2017.??.??"]
[EventCountry "FRA"]
[SourceTitle "playchess.com"]
[Source "ChessBase"]
[SourceQuality "1"]
[TimeControl "5400+30"]

1. d4 Nf6 2. c4 g6 3. Nc3 Bg7 4. e4 d6 5. Bd3 O-O 6. Nge2 e5 7. d5 Na6 8. O-O {[%emt 0:00:26] LiveBook: 36 Games} Nc5 9. Bc2 a5 10. f3 Kh8 {[%emt 0:06:35] E70: King's Indian: Miscellaneous lines with 4 e4, including 5 Nge2 and 5 Bd3 0-0 6 Nge2} (10... Nh5 11. g4 Nf6 12. Be3 h5 13. h3 hxg4 14. fxg4 Bxg4 15. hxg4 Nxg4 16. Bxc5 Qh4 17. Rf3 dxc5 18. Qe1 {0-1 (51) Miton,K (2601)-Korobov,A (2693) Wroclaw 2014}) 11. Be3 Ng8 12. Qd2 f5 13. exf5 gxf5 14. f4 e4 15. h3 $146 (15. Bd4 Nf6 16. Nd1 Qe8 {1-0 (29) Marin,M (2515)-Diaz Berga 1993}) 15... Nf6 16. Rae1 Bd7 17. b3 Qe8 18. a3 $11 b6 19. Rb1 Qg6 20. Bd4 Rg8 21. Nd1 b5 22. Ne3 a4 23. b4 Nb3 24. Bxb3 axb3 25. Rxb3 bxc4 26. Rbb1 Rxa3 27. Nc3 Nh5 28. Nxc4 Qxg2+ 29. Kxg2 Bxd4+ 30. Kh2 Bxc3 31. Qf2 e3 32. Qxe3 Ra2+ 33. Rf2 Rxf2+ 34. Qxf2 Bb5 35. Rc1 Bxb4 36. Qb2+ 1-0

[Event "FRA-ch Youth 2017"]
[Site "Belfort"]
[Date "2017.04.21"]
[Round "7"]
[White "Laurent-Paoli, Pierre"]
[Black "Philippe, Guillaume"]
[Result "1/2-1/2"]
[ECO "E12"]
[WhiteElo "2298"]
[BlackElo "2307"]
[Annotator "NA"]
[PlyCount "156"]
[EventDate "2017.??.??"]
[EventCountry "FRA"]
[SourceTitle "playchess.com"]
[Source "ChessBase"]
[SourceQuality "1"]
[TimeControl "5400+30"]

1. d4 Nf6 2. c4 e6 3. Nf3 b6 4. Bf4 Bb7 5. e3 Bb4+ {[%emt 0:06:36] LiveBook: 204 Games} 6. Nbd2 Ne4 {[%emt 0:08:51] E12: Queen's Indian: Unusual White 4th moves, 4 a3, 4 Nc3 Bb7 5 a3 and 4 Nc3 Bb7} (6... Be7 7. Bd3 Nh5 8. Bg3 d6 9. Qc2 c5 10. O-O Nxg3 11. fxg3 g6 12. Be4 Nc6 13. d5 exd5 14. Bxd5 {½-½ (103) Kovalenko,I (2664)-Neiksans,A (2620) Liepaja 2016}) 7. a3 Bxd2+ 8. Nxd2 Nxd2 9. Qxd2 d6 10. f3 Qe7 11. Be2 $146 (11. e4 e5 12. Be3 c5 13. d5 {½-½ (25) Cendak,J-Ramirez de Arellano,J Argentina 1983}) 11... O-O 12. O-O e5 13. Bg3 Nc6 14. Rfe1 f5 15. Bf1 Qf6 16. Bf2 f4 17. d5 fxe3 18. Bxe3 Ne7 19. b4 Nf5 20. Bd3 Nxe3 21. Qxe3 a5 22. Be4 axb4 23. axb4 g6 24. c5 dxc5 25. bxc5 Rxa1 26. Rxa1 bxc5 27. Qxc5 Qb6 28. Qf2 Rd8 29. Rc1 Qxf2+ 30. Kxf2 Bxd5 31. Bxd5+ Rxd5 32. Rxc7 h6 33. Ke3 Ra5 34. Ke4 Kf8 35. g4 Kg8 36. Re7 Ra3 37. Rxe5 Kf7 38. Kf4 Ra4+ 39. Kg3 Kf6 40. Rb5 g5 41. Rb6+ Kg7 42. h4 Ra3 43. Rb7+ Kf6 44. h5 Ra6 45. Rh7 Ke5 46. Rf7 Ke6 47. Rf5 Ra3 48. Rf8 Ke5 49. Re8+ Kd5 50. Re7 Rb3 51. Ra7 Rb6 52. Rg7 Ke5 53. Rg8 Ra6 54. Rf8 Ra3 55. Rd8 Ra6 56. Rb8 Rc6 57. Re8+ Kd5 58. Re3 Rf6 59. Ra3 Rb6 60. f4 gxf4+ 61. Kxf4 Ke6 62. Ra8 Rb4+ 63. Kg3 Kf7 64. Ra7+ Kg8 $14 65. Re7 Ra4 66. Kf3 Rb4 67. Re4 Rb1 68. Kf4 Rf1+ 69. Ke5 Kg7 70. Rf4 Re1+ 71. Kf5 Ra1 72. Re4 Rf1+ 73. Ke6 Ra1 74. Rd4 Re1+ 75. Kf5 Rf1+ 76. Ke5 Re1+ 77. Re4 Ra1 78. Rb4 Re1+ {[%emt 0:00:21] Ke4} 1/2-1/2

[Event "FRA-ch Youth 2017"]
[Site "Belfort"]
[Date "2017.04.21"]
[Round "7"]
[White "Zachary, Matheo"]
[Black "Lomandong, Marc-Antoine"]
[Result "1-0"]
[ECO "B06"]
[WhiteElo "2267"]
[BlackElo "2009"]
[Annotator "NA"]
[PlyCount "71"]
[EventDate "2017.??.??"]
[EventCountry "FRA"]
[SourceTitle "playchess.com"]
[Source "ChessBase"]
[SourceQuality "1"]
[TimeControl "5400+30"]

1. e4 g6 2. d4 Bg7 3. Nc3 c6 4. h3 d5 5. Nf3 dxe4 6. Nxe4 Nd7 7. Bd3 Ngf6 8. Nxf6+ Nxf6 9. O-O O-O 10. Re1 Re8 {[%emt 0:03:31] B15: Caro-Kann: 3 Nc3: 3...g6 and 3...dxe4 4 Nxe4 Nf6 5 Nxf6+ exf6} (10... Qc7 11. Bg5 Be6 12. Qd2 Rad8 13. Bh6 Rfe8 14. Bxg7 Kxg7 15. Rxe6 fxe6 16. Ng5 Rd6 17. Re1 Qc8 18. Bc4 Nd5 {1-0 (28) Salem,A (2625)-El Taher,F (2483) Sharjah 2016}) 11. c3 {[%emt 0:00:55] LiveBook: 6 Games} Qb6 12. Qc2 $146 (12. Qe2 Bd7 13. Ne5 Be6 14. Bg5 Rad8 15. Bf4 Rc8 16. b4 Qd8 17. a4 a5 18. bxa5 Qxa5 {½-½ (59) Postler,R (2344)-Braeunlin,K (2145) Dresden 2006}) 12... Bd7 13. Bf4 Rad8 14. Nd2 a5 15. Nc4 Qa7 $1 16. a4 Nd5 17. Bg3 c5 18. Ne5 $11 cxd4 19. Nxd7 dxc3 20. bxc3 Bxc3 21. Bb5 Bxa1 22. Rxa1 Nb4 23. Qe4 Nc6 24. Ne5 Rd4 25. Qf3 Nxe5 26. Bxe5 Red8 27. Bxd4 Qxd4 28. Re1 Qb4 29. Rd1 Rd2 30. Rxd2 Qxd2 31. Qxb7 Qe1+ 32. Bf1 e5 33. g3 e4 34. Kg2 e3 35. Qb8+ Kg7 36. Qe5+ 1-0

[Event "FRA-ch Youth 2017"]
[Site "Belfort"]
[Date "2017.04.21"]
[Round "7"]
[White "Micottis, Dorian"]
[Black "Lamard, Guillaume"]
[Result "1/2-1/2"]
[ECO "C47"]
[WhiteElo "2249"]
[BlackElo "2307"]
[Annotator "NA"]
[PlyCount "62"]
[EventDate "2017.??.??"]
[EventCountry "FRA"]
[SourceTitle "playchess.com"]
[Source "ChessBase"]
[SourceQuality "1"]
[TimeControl "5400+30"]

1. e4 e5 2. Nf3 Nc6 3. Nc3 Nf6 4. Be2 Bb4 5. Nd5 {C47: Scotch Four Knights and Four Knights with 4 g3} Ba5 6. O-O {LiveBook: 7 Games} (6. c3 Nxe4 7. d3 Nf6 8. Bg5 d6 9. d4 h6 10. Nxf6+ gxf6 11. Bh4 e4 12. Nd2 d5 {1-0 (47) Delgado Ramirez,N (2609)-Bachmann,A (2610) Asuncion 2015}) 6... d6 7. d4 Nxd5 8. exd5 Nxd4 9. Nxd4 exd4 10. Qxd4 O-O 11. Bd3 Re8 12. Qa4 $146 (12. b3 Bd7 {1-0 (27) Zeidler,S (2185)-Eames,R (2201) Reading 2016}) 12... Bb6 13. Bg5 f6 14. Bd2 Re5 15. Rae1 Bd7 16. Qh4 f5 17. Qf4 Rxe1 18. Rxe1 Qf8 19. c4 h6 20. h4 Qf7 21. Bc3 Kh7 22. h5 Rf8 23. Qh4 $18 Re8 24. Rxe8 Qxe8 25. Qh3 Kh8 26. Bxf5 Qe2 27. Bxd7 Qxf2+ 28. Kh2 Qg1+ 29. Kg3 Qe3+ 30. Kh2 Qg1+ 31. Kg3 Qe3+ 1/2-1/2

[Event "FRA-ch Youth 2017"]
[Site "Belfort"]
[Date "2017.04.21"]
[Round "7"]
[White "Tahay, Alexis"]
[Black "Kambrath, Yannick"]
[Result "1-0"]
[ECO "B92"]
[WhiteElo "2239"]
[BlackElo "2341"]
[Annotator "NA"]
[PlyCount "105"]
[EventDate "2017.??.??"]
[EventCountry "FRA"]
[SourceTitle "playchess.com"]
[Source "ChessBase"]
[SourceQuality "1"]
[TimeControl "5400+30"]

1. e4 c5 2. Nf3 d6 3. d4 cxd4 4. Nxd4 Nf6 5. Nc3 a6 6. Be2 e5 {[%emt 0:00:19] LiveBook: 6368 Games} 7. Nb3 Be7 8. Qd3 O-O 9. O-O Be6 10. Qg3 {[%emt 0:04:18] B92: Sicilian Najdorf: 6 Be2} (10. Bd2 a5 11. a4 Na6 12. Nd5 Bxd5 13. exd5 b6 14. Rfd1 Nc7 15. Bf3 Nd7 16. Bg4 Nf6 17. Bf3 Nd7 18. Bg4 Nf6 19. Bf3 {½-½ (19) Nepomniachtchi,I (2749)-Grischuk,A (2742) Sharjah 2017}) 10... Re8 11. f4 $146 (11. Bh6 Bf8 12. Be3 Nbd7 13. f4 b5 14. f5 Bxb3 15. axb3 Qc8 16. Rac1 d5 17. Nxd5 Nxe4 18. Qh4 Ndf6 19. Nxf6+ Nxf6 20. Kh1 Be7 21. Qg3 Bc5 22. Bh6 Bf8 23. Be3 {½-½ (23) Anderskewitz,R (2036)-Kuhn,W (2204) GER email 2007}) 11... Qc7 12. f5 Bc4 13. Bxc4 Qxc4 14. Bg5 Nbd7 ({Don't go for} 14... Nxe4 $2 15. Nxe4 Qxe4 16. Bxe7 $18) 15. Rad1 b5 16. a3 a5 17. Qd3 $15 Reb8 18. Nd2 Qxd3 19. cxd3 d5 20. Bxf6 Nxf6 21. Nxd5 Nxd5 22. exd5 Bc5+ 23. Kh1 Bd4 24. b3 Rd8 25. f6 Rxd5 26. fxg7 Rc8 27. Rf3 Kxg7 28. Rdf1 Rf8 29. Ne4 f5 30. Rxf5 Rxf5 31. Rxf5 Bb2 32. h4 Rxd3 33. Nc5 Rd5 34. Ne6+ Kg6 35. g4 h5 36. Nf4+ exf4 37. Rxd5 hxg4 38. Rxb5 Bf6 39. h5+ Kg7 40. Rf5 f3 41. Rf4 Be7 42. Rxg4+ Kh6 43. Ra4 Kxh5 44. Rxa5+ Kg4 45. Kg1 Kf4 46. Kf1 Bd6 47. b4 Ke4 48. Ra6 Bg3 49. b5 Kd5 50. a4 Kc5 51. Rc6+ Kb4 52. b6 Ka5 53. b7 1-0

[Event "FRA-ch Youth 2017"]
[Site "Belfort"]
[Date "2017.04.21"]
[Round "7"]
[White "O'Sullivan, Thomas"]
[Black "Heliot, Xabi"]
[Result "1-0"]
[ECO "A45"]
[WhiteElo "2223"]
[BlackElo "2081"]
[Annotator "NA"]
[PlyCount "91"]
[EventDate "2017.??.??"]
[EventCountry "FRA"]
[SourceTitle "playchess.com"]
[Source "ChessBase"]
[SourceQuality "1"]
[TimeControl "5400+30"]

1. d4 Nf6 2. Bg5 e6 3. e4 c5 4. d5 h6 5. Bxf6 $1 Qxf6 6. Nc3 a6 {[%emt 0:02:34] LiveBook: 23 Games} 7. a4 g6 8. Nf3 Bg7 9. e5 Qf4 10. Qe2 (10. g3 $16 Qf5 11. Bd3) 10... O-O 11. g3 Qb4 12. O-O-O d6 13. Bg2 dxe5 14. Nxe5 exd5 $14 15. Bxd5 Nc6 16. Nxg6 Bg4 17. f3 Rfe8 18. Qd3 Be6 19. Nf4 c4 20. Qe4 Bxd5 21. Nfxd5 Qc5 22. Qf4 Red8 23. Nf6+ Kh8 24. Nfe4 Qb6 25. Nd6 Ne5 26. Nf5 Ng6 27. Qxc4 Qf6 28. Nxg7 Qxg7 29. Rxd8+ Rxd8 30. Rd1 Rxd1+ 31. Nxd1 f6 32. Qe4 Ne5 33. Ne3 Nc6 34. Nf5 Qg6 35. f4 Nd4 36. Qxd4 Qxf5 37. Qd8+ Kg7 38. Qc7+ Kg6 39. Qxb7 Qa5 40. Qe4+ f5 41. Qc6+ Kh7 42. b3 Kg7 43. Kb2 Kh7 44. Qd7+ Kg6 45. Qe6+ Kh7 46. Qe5 1-0

[Event "FRA-ch Youth 2017"]
[Site "Belfort"]
[Date "2017.04.21"]
[Round "7"]
[White "Viel, Simon"]
[Black "Travadon, Loic"]
[Result "0-1"]
[ECO "B89"]
[WhiteElo "2220"]
[BlackElo "2348"]
[Annotator "NA"]
[PlyCount "70"]
[EventDate "2017.??.??"]
[EventCountry "FRA"]
[SourceTitle "playchess.com"]
[Source "ChessBase"]
[SourceQuality "1"]
[TimeControl "5400+30"]

1. e4 c5 2. Nf3 d6 3. d4 Nf6 4. Nc3 cxd4 5. Nxd4 Nc6 6. Bc4 e6 7. Be3 a6 8. Qe2 Qc7 9. O-O-O {[%emt 0:00:27] LiveBook: 358 Games} Bd7 10. Bb3 {[%emt 0:03:05] B89: Sicilian: Velimirovic Attack} b5 11. f3 (11. Nxc6 Bxc6 12. Bd4 Be7 13. Bxf6 Bxf6 14. Nd5 Bxd5 15. exd5 e5 16. Rd3 Qd7 17. Rc3 a5 {0-1 (31) Hector,J (2512)-Rapport,R (2674) Malmo 2013}) 11... b4 12. Nb1 Be7 13. g4 Nxd4 $146 (13... Na5 14. g5 Nh5 15. f4 Nxf4 16. Bxf4 e5 17. Be3 exd4 18. Rxd4 Nxb3+ 19. axb3 {0-1 (40) Magnucka,M (2040)-Przezdziecka,E (2155) Mrzezyno 2011}) 14. Bxd4 Bb5 15. Qg2 O-O 16. g5 {[%emt 0:03:16] [#]} Nh5 $1 17. Qg4 g6 18. f4 Bd7 (18... Rac8 $19 {Threatens to win with ...a5.} 19. Rd2 a5) 19. Qf3 a5 20. c3 a4 21. Bc2 e5 22. Be3 exf4 23. Bxf4 a3 $19 ({But not} 23... Nxf4 24. Qxf4 Rfb8 25. h4 $19) 24. b3 Nxf4 25. Qxf4 bxc3 26. h4 f6 27. Qg3 fxg5 28. hxg5 Ra5 29. Nxc3 Rc8 30. Qh2 Bxg5+ 31. Kb1 h6 32. Nd5 Rxd5 33. exd5 Qc3 34. Bxg6 Bf6 35. Bh7+ Kh8 0-1

[Event "FRA-ch Youth 2017"]
[Site "Belfort"]
[Date "2017.04.21"]
[Round "7"]
[White "Dudognon, Thibault"]
[Black "Caloone, Thomas"]
[Result "1/2-1/2"]
[ECO "A10"]
[WhiteElo "2218"]
[BlackElo "2149"]
[Annotator "NA"]
[PlyCount "132"]
[EventDate "2017.??.??"]
[EventCountry "FRA"]
[SourceTitle "playchess.com"]
[Source "ChessBase"]
[SourceQuality "1"]
[TimeControl "5400+30"]

1. c4 d6 2. g3 g6 3. Bg2 Bg7 4. Nc3 Nf6 5. e4 e5 6. Nge2 O-O 7. O-O c6 8. d3 {[%emt 0:03:53] LiveBook: 167 Games} Be6 9. h3 Qc8 {[%emt 0:06:32] A24: English Opening vs King's Indian: Lines without ...Nc6} (9... Ne8 10. b3 Nc7 11. Ba3 Qd7 12. Kh2 c5 13. b4 b6 14. f4 exf4 15. gxf4 Nc6 16. Rb1 cxb4 17. Bxb4 Nxb4 18. Rxb4 {½-½ (78) Vavulin,M (2441)-Petrosyan,M (2443) Porec 2015}) 10. Kh2 Rd8 11. f4 $146 ({Reject} 11. Bg5 $6 h6 12. Be3 (12. Bxf6 Bxf6 13. Qd2 Bg7 14. f4 f5 15. b3 Nd7 16. d4 exd4 17. Nxd4 Nc5 18. Nxe6 Qxe6 19. exf5 gxf5 20. Rad1 Ne4 21. Nxe4 fxe4 {½-½ (21) Hunhoff,S (1766)-Bohn,P (1662) Germany 2011}) 12... d5 13. exd5 cxd5 $11) 11... exf4 12. Nxf4 Nbd7 13. Nxe6 fxe6 14. Qe2 Rf8 15. Be3 Qc7 16. d4 a6 17. Rac1 Rae8 18. Qd2 c5 19. dxc5 dxc5 20. Bf4 Ne5 $15 21. Rcd1 Nh5 22. Qe2 Nxf4 23. gxf4 Rxf4 24. Rxf4 g5 25. Qh5 Ng6 26. Qxg5 Nxf4 27. Kh1 Kh8 28. Bf3 Rg8 29. Qh4 Ng6 30. Qe1 Qf4 31. Bg4 Be5 32. Qd2 Qxd2 33. Rxd2 Nf4 34. Ne2 h5 35. Nxf4 Bxf4 36. Rf2 hxg4 37. Rxf4 gxh3 38. Rh4+ Kg7 39. Rxh3 Kf6 40. Rh5 b6 41. a4 Rg5 42. Rh3 Rg4 43. a5 bxa5 44. Ra3 Rxe4 45. b3 Re3 46. Rxa5 Rxb3 47. Rxc5 Ke7 48. Ra5 Rb6 49. Kg2 Rc6 50. Kf3 Kf6 51. Ke3 Rxc4 52. Rxa6 Kf5 53. Ra3 Rh4 54. Kf2 Rf4+ 55. Ke2 Rb4 56. Rc3 e5 57. Ra3 Rb2+ 58. Ke1 Kf4 59. Rc3 e4 60. Ra3 Ke5 61. Ra5+ Kd4 62. Ra4+ Ke3 63. Ra3+ Kf4 64. Rc3 Rb4 65. Ra3 e3 66. Ra8 Rb1+ 1/2-1/2

[Event "FRA-ch Youth 2017"]
[Site "Belfort"]
[Date "2017.04.21"]
[Round "7"]
[White "Gatineau, Yovann"]
[Black "Coiffait, Pierre-Basile"]
[Result "1/2-1/2"]
[ECO "A47"]
[WhiteElo "2214"]
[BlackElo "2193"]
[Annotator "NA"]
[PlyCount "61"]
[EventDate "2017.??.??"]
[EventCountry "FRA"]
[SourceTitle "playchess.com"]
[Source "ChessBase"]
[SourceQuality "1"]
[TimeControl "5400+30"]

1. d4 Nf6 2. Nf3 b6 3. Bf4 e6 4. e3 c5 5. c3 Bb7 6. Nbd2 cxd4 7. exd4 Be7 8. Bd3 O-O 9. h3 Re8 {[%emt 0:01:33] A47: 1 d4 Nf6 2 Nf3 b6: Torre, London and Colle Systems} 10. O-O d6 11. Re1 Nbd7 12. Qc2 {[%emt 0:01:02] LiveBook: 4 Games} (12. Bh2 a6 13. a4 Nf8 14. Ng5 Qd7 15. Qe2 Bc6 16. Bxa6 Bxa4 17. Bd3 Bc6 18. Nc4 {1-0 (82) Giri,A (2755)-Tomashevsky,E (2731) Moscow 2016}) 12... Nf8 13. a4 a6 14. Rac1 $146 (14. Ne4 Nxe4 15. Bxe4 Bxe4 16. Rxe4 d5 17. Re3 Ng6 18. Bg3 {½-½ (26) Gutierrez Olivares,D (2313)-Alvarado Ascanio,F (2199) Las Palmas 2016}) 14... Rc8 15. Qb3 Ng6 16. Bh2 Nd5 17. Be4 Ba8 18. Bd3 Bb7 $11 19. Be4 Ba8 20. Qc2 Nf6 21. Bd3 Bb7 22. Qb1 Nd5 23. Be4 Ba8 24. Qd3 Bb7 25. Qf1 Qd7 26. Nc4 Qc7 27. Nfd2 Ndf4 28. Bxb7 Qxb7 29. g3 Nd5 30. Qg2 Qd7 31. Ra1 1/2-1/2

[Event "FRA-ch Youth 2017"]
[Site "Belfort"]
[Date "2017.04.21"]
[Round "7"]
[White "Midy, Robin"]
[Black "Mohammad, Fahim"]
[Result "1/2-1/2"]
[ECO "A45"]
[WhiteElo "2137"]
[BlackElo "2281"]
[Annotator "NA"]
[PlyCount "122"]
[EventDate "2017.??.??"]
[EventCountry "FRA"]
[SourceTitle "playchess.com"]
[Source "ChessBase"]
[SourceQuality "1"]
[TimeControl "5400+30"]

1. d4 Nf6 2. Bg5 Ne4 3. Bf4 e5 4. Bxe5 Nc6 5. Nd2 d5 {[%emt 0:03:16] LiveBook: 6 Games} 6. e3 h5 7. h4 Qe7 8. Bb5 Qb4 9. Bxc6+ bxc6 10. Rb1 $16 ({Don't play} 10. Bxc7 Nxd2 11. Qxd2 Qxb2 $15) 10... Ba6 11. Ne2 Qa5 12. a3 f6 13. Bh2 Bb5 14. f3 Nd6 15. Kf2 Be7 16. Nc3 Nf5 17. Nb3 Qb6 18. Nxb5 cxb5 19. Qd3 Qe6 20. e4 Nd6 21. exd5 Qxd5 22. Bxd6 Qxd6 23. Qg6+ Kf8 24. Rbe1 Rh6 25. Qe4 Re8 26. Qe6 Qd8 27. Qe4 Kg8 28. g3 f5 29. Qxf5 Rf8 30. Qe4 Bd6 31. Re3 Qd7 32. Kg2 Qf7 33. f4 Kh8 34. Qf3 Qg6 35. Kh2 Qxc2+ 36. Qe2 Qc6 37. Re1 Qd5 38. Qf3 Qf7 39. Nd2 Rf6 40. Ne4 Bxf4 41. Nxf6 Bxe3 42. Rxe3 Qxf6 43. Qxf6 Rxf6 44. Kg2 Rc6 45. b4 g6 46. d5 Rc2+ 47. Kf3 Kg7 48. Ke4 Kf6 49. Rf3+ Ke7 50. Ke5 Re2+ 51. Kd4 Rc2 52. Rc3 Rxc3 53. Kxc3 Kd7 54. Kd4 Kd6 55. Ke4 Kd7 56. Kf4 Ke8 57. Ke4 Kd7 58. Kd4 Kd6 59. Ke4 Kd7 60. Kf4 Ke8 61. Ke4 Kd7 1/2-1/2

[Event "FRA-ch Youth 2017"]
[Site "Belfort"]
[Date "2017.04.21"]
[Round "7"]
[White "Trouve, Guillaume"]
[Black "Tahay, Romain"]
[Result "1-0"]
[ECO "B66"]
[WhiteElo "2134"]
[BlackElo "1971"]
[Annotator "NA"]
[PlyCount "61"]
[EventDate "2017.??.??"]
[EventCountry "FRA"]
[SourceTitle "playchess.com"]
[Source "ChessBase"]
[SourceQuality "1"]
[TimeControl "5400+30"]

1. e4 c5 2. Nf3 Nc6 3. d4 cxd4 4. Nxd4 Nf6 5. Nc3 d6 6. Bg5 e6 7. Qd2 a6 8. O-O-O h6 9. Nxc6 bxc6 10. Bf4 d5 11. Qe3 Qa5 {[%emt 0:04:53] LiveBook: 106 Games} 12. Be2 {[%emt 0:01:06] B66: Sicilian: Richter-Rauzer: 7...a6 8 0-0-0 h6} Bb4 13. Be5 dxe4 14. Qg3 Bxc3 15. Bc7 Qg5+ $146 (15... Bxb2+ 16. Kxb2 Qb4+ 17. Ka1 Nd5 18. Qxg7 Qf8 19. Qd4 Bd7 {1-0 (37) Ponomariov,R (2673)-Bu,X (2558) Lausanne 2001}) 16. Qxg5 hxg5 17. Rd8+ ({Weaker is} 17. bxc3 Nd5 18. Ba5 Bb7 $17) 17... Ke7 $18 18. Rxh8 Bb4 19. Rd1 Nd5 20. Bd8+ Kd7 21. Bxg5 f6 22. Bh4 Ke7 23. Bg3 e5 24. c4 Nb6 25. Rdd8 g6 26. f4 e3 27. fxe5 Bd2+ 28. Kd1 fxe5 29. c5 Bf5 30. Rhe8+ Kf7 31. cxb6 1-0

[Event "FRA-ch Youth 2017"]
[Site "Belfort"]
[Date "2017.04.21"]
[Round "7"]
[White "Degraeve, Remy"]
[Black "Harutyunyan, Ruben"]
[Result "0-1"]
[ECO "B23"]
[WhiteElo "2126"]
[BlackElo "2218"]
[Annotator "NA"]
[PlyCount "72"]
[EventDate "2017.??.??"]
[EventCountry "FRA"]
[SourceTitle "playchess.com"]
[Source "ChessBase"]
[SourceQuality "1"]
[TimeControl "5400+30"]

1. e4 c5 2. Nc3 a6 3. g3 b5 4. a4 {[%emt 0:00:00] B23: Closed Sicilian: Lines without g3} (4. Bg2 Bb7 5. d3 e6 6. Nh3 b4 7. Ne2 d5 8. e5 Nc6 9. f4 Nh6 10. Nf2 Nf5 11. O-O Qb6 12. c3 Be7 13. g4 Nh4 14. Bh1 {0-1 (35) Yu,Y (2738)-Khismatullin,D (2639) Moscow 2017}) 4... b4 5. Nd5 e6 6. Ne3 Bb7 7. Bg2 Nf6 8. d3 d6 9. Nf3 $146 (9. Ne2 Nbd7 10. O-O Qc7 11. f4 Be7 12. f5 e5 {1-0 (48) Kulhanek,T (2333)-Maes,W (2239) Prague 2014}) 9... Nbd7 10. O-O Be7 11. Nc4 O-O 12. Re1 Qc7 13. b3 Ng4 14. Bf4 Nge5 15. Nfxe5 dxe5 16. Bc1 a5 17. Bb2 Ba6 18. Ne3 Bg5 19. Qg4 Bxe3 20. Rxe3 Rfe8 21. f4 f6 22. f5 exf5 23. exf5 Bb7 24. Qh4 $11 Bxg2 25. Kxg2 Nb6 26. Kf2 Qd7 27. Qh5 Nd5 28. Re4 Ne7 29. g4 Nd5 30. Rg1 Rad8 31. Qh4 h6 32. Rg3 Qa7 33. Ke1 Nf4 34. Kd1 c4 35. Rxc4 Qf2 36. Re4 Rc8 0-1

[Event "FRA-ch Youth 2017"]
[Site "Belfort"]
[Date "2017.04.21"]
[Round "7"]
[White "Willems, Niels"]
[Black "Bergougnoux, Axel"]
[Result "1/2-1/2"]
[ECO "A34"]
[WhiteElo "2116"]
[BlackElo "2194"]
[Annotator "NA"]
[PlyCount "114"]
[EventDate "2017.??.??"]
[EventCountry "FRA"]
[SourceTitle "playchess.com"]
[Source "ChessBase"]
[SourceQuality "1"]
[TimeControl "5400+30"]

1. c4 Nf6 2. g3 c5 3. Bg2 d5 4. cxd5 Nxd5 5. Nc3 Nc7 6. Nf3 Nc6 7. d3 e5 8. Nd2 Bd7 9. Nc4 Be7 10. O-O f6 11. Ne3 {[%emt 0:03:04] A34: Symmetrical English: 2 Nc3, lines with ...d5} O-O {[%emt 0:07:49] LiveBook: 4 Games} 12. Ned5 Nxd5 13. Nxd5 b6 14. a3 $146 (14. b3 Rc8 15. Bb2 Be6 16. Nxe7+ Qxe7 17. Qc1 Qd7 {½-½ (32) Weiss,C (2200)-Baum,B (2265) Eger 1989}) 14... Rc8 15. b4 Be6 16. Nxe7+ Qxe7 17. bxc5 Nd4 18. c6 $11 Nxc6 19. Bd2 Qf7 20. Bc3 Bb3 21. Qd2 a5 22. Qe3 Ne7 23. Rac1 Rc5 24. Bb2 Rfc8 25. Rxc5 Rxc5 26. Rc1 Rxc1+ 27. Qxc1 Qe6 28. Qc7 Kf7 29. Bf3 Qc8 30. Qxc8 Nxc8 31. d4 exd4 32. Bxd4 Ke6 33. e4 Kd6 34. Bg4 Be6 35. Bxe6 Kxe6 36. f4 b5 37. Bc3 Nd6 38. f5+ Kd7 39. Bxa5 Nxe4 40. Bb4 Kc6 41. Kg2 Kd5 42. g4 Kd4 43. Bf8 g6 44. fxg6 hxg6 45. h4 Ke3 46. h5 gxh5 47. Bh6+ Kd4 48. gxh5 Ke5 49. Kf3 Kf5 50. Bc1 Nd6 51. Bd2 Nc4 52. Bc1 Ne5+ 53. Kg3 Nf7 54. Kf3 Ne5+ 55. Kg3 Nf7 56. Kf3 Nh8 57. Bd2 Nf7 1/2-1/2

[Event "FRA-ch Youth 2017"]
[Site "Belfort"]
[Date "2017.04.21"]
[Round "7"]
[White "Kern, Nicolas"]
[Black "Viennot, Dylan"]
[Result "1-0"]
[ECO "C01"]
[WhiteElo "2085"]
[BlackElo "2263"]
[Annotator "NA"]
[PlyCount "95"]
[EventDate "2017.??.??"]
[EventCountry "FRA"]
[SourceTitle "playchess.com"]
[Source "ChessBase"]
[SourceQuality "1"]
[TimeControl "5400+30"]

1. e4 e6 2. d4 d5 3. exd5 exd5 4. Bd3 c5 5. Nf3 c4 6. Be2 Bd6 7. b3 cxb3 $1 8. axb3 Ne7 {[%emt 0:01:20] LiveBook: 4 Games} 9. O-O Nbc6 10. c4 Bf5 11. Nc3 a6 12. Be3 O-O 13. Qd2 {[%emt 0:02:12] B22: Sicilian: 2 c3} Rc8 14. c5 Bc7 15. Ne1 $146 (15. Na2 Ng6 16. b4 Re8 17. g3 Qd7 18. Ne1 Bg4 19. Nc2 h5 20. Nc3 Bxe2 21. Qxe2 Qf5 22. Rfd1 Rcd8 23. Qd3 Qg4 24. Qe2 Qf5 25. Qd3 Qg4 26. Qe2 {½-½ (26) Murariu,A (2501)-Podinic,V (2428) Bucharest 2012}) 15... Qd7 16. h3 $11 Bg6 17. Bf3 Bf5 18. Ne2 Ng6 19. Ng3 Be6 20. Be2 Nce7 21. Nd3 Rfe8 22. f4 f6 23. Bf2 Nf5 24. Nh5 Nfh4 25. Kh2 Nxg2 26. Rg1 Bxh3 27. Rxg2 Bxg2 28. Kxg2 Re4 29. Bf3 Rce8 30. Rh1 R8e7 31. Kf1 Qb5 32. Kg1 f5 33. Ne5 Bxe5 34. dxe5 Qxb3 35. Bxe4 fxe4 36. Ng3 h6 37. Be3 Re8 38. Ne2 Rf8 39. Nc3 Ne7 40. Kf2 Kh7 41. Rb1 Qc4 42. Rxb7 Ng6 43. Nxd5 Nxe5 44. Qd4 Nd3+ 45. Kg3 Qxd4 46. Bxd4 Nxf4 47. Rxg7+ Kh8 48. Nxf4 1-0